 Dungeon Crawl Stone Soup version 0.31-a0-986-g5e6e4ef867 (webtiles) character file.

Game seed: 7634007503608331635

60 serber55 the Changeling (level 4, -2/29 HPs)
             Began as an Octopode Shapeshifter on Nov 13, 2023.
             Succumbed to a goblin's curare-tipped dart
             ... on level 2 of the Dungeon.
             The game lasted 00:03:10 (826 turns).

serber55 the Changeling (Octopode Shapeshifter)      Turns: 826, Time: 00:03:10

Health: -2/29      AC:  1    Str: 15    XL:     4   Next: 6%
Magic:  4/4        EV: 13    Int: 12    God:
Gold:   45         SH:  0    Dex: 11    Spells: 3/3 levels left

rFire   + + .        f - +7 dagger
rCold   + . .        (no shield)
rNeg    . . .        (helmet currently unavailable)
rPois   +            (no amulet)
rElec   +            j - ring of protection from fire
rCorr   +            (no ring)
SInv    .            (no ring)
Will    .....        (no ring)
Stlth   ++           (no ring)
HPRegen 0.24/turn    (no ring)
MPRegen 0.09/turn    (no ring)
                     (no ring)

%: no passive effects
@: lethally poisoned (-2 -> -21), beast-form, resistant, slowed, very slow
A: beast (slay +2), almost no armour, amphibious, 8 rings, camouflage 1,
gelatinous body 1, (nimble swimmer 1), tentacles
a: Begin Untransformation


You were on level 2 of the Dungeon.
You were a hulking beast.
You visited 1 branch of the dungeon, and saw 2 of its levels.

You collected 45 gold pieces.

Inventory:

Hand Weapons
 f - a +7 dagger (weapon)
Jewellery
 j - a ring of protection from fire (left tentacle)
Talismans
 b - a beast talisman
 c - a flux talisman
 e - a storm talisman
Scrolls
 d - a scroll of blinking {unknown}
 g - a scroll of amnesia {unknown}
 i - a scroll of silence {unknown}
Potions
 a - a potion of lignification


   Skills:
 + Level 1.8 Fighting
 + Level 2.5 Dodging
 + Level 3.4 Unarmed Combat
 * Level 3.6 Shapeshifting


You had 3 spell levels left.
You didn't know any spells.
Your spell library contained the following spells:

 Spells                   Type           Power      Damage    Failure   Level
 Apportation              Tloc           0%         N/A       32%         1
 Cigotuvi's Dreadful Rot  Necr/Pois/Air  0%         N/A       45%         2
 Jinxbite                 Hex            0%         N/A       45%         2
 Ignite Poison            Fire/Tmut/Pois 0%         N/A       69%         3
 Alistair's Intoxication  Tmut/Pois      0%         N/A       100%        5
 Freezing Cloud           Conj/Ice/Air   0%         6-21      100%        5


Dungeon Overview and Level Annotations

Branches:
Dungeon (2/15)

Altars:

Annotations:
D:2 Robin


Innate Abilities, Weirdness & Mutations

You are a hulking beast.
Your limbs bulge with bestial killing power. (Slay +2)
You cannot wear most types of armour.
You are amphibious.
You can wear up to eight rings at the same time.
Your skin changes colour to match your surroundings (Stealth+).
Your rubbery body absorbs attacks. (AC +1, EV +1)
((You are camouflaged when in or above water. (Stealth+)))
You have tentacles for arms and can constrict up to eight enemies at once.


Message History

The hobgoblin shouts!
You puncture the hobgoblin!
You kill the hobgoblin!
You hear a shout!
A goblin comes into view.
It is wielding a +0 club and quivering curare-tipped darts.
You puncture the adder! Your grab misses the adder.
The adder is severely wounded.
The adder barely misses you. The adder misses you.
You hit the adder.
You kill the adder!
You closely miss the goblin. You grab the goblin. You constrict the goblin.
A goblin comes into view. It is wielding a +0 club.
The goblin hits you with a +0 club.
The goblin shouts!
You hit the goblin.
You kill the goblin!
You have reached level 4!
You puncture the goblin!
You kill the goblin!
A kobold comes into view. It is wielding a +0 club.
You hit the hobgoblin but do no damage. You grab the hobgoblin.
You squeeze the hobgoblin.
You kill the hobgoblin!
Robin of the Strong Arm comes into view.
They are wielding a +0 club.
The goblin throws a curare-tipped dart.
The curare-tipped dart closely misses you.
The goblin throws a curare-tipped dart.
The curare-tipped dart hits you.
You are poisoned.
You have difficulty breathing.
You feel yourself slow down.
You feel very sick.
You feel very sick.
The goblin throws a curare-tipped dart.
The curare-tipped dart hits you.
You are lethally poisoned!
You have difficulty breathing.
You feel as though you will be slow longer.
* * * LOW HITPOINT WARNING * * *
You feel extremely sick.
It was a potion of resistance.
You feel protected.
You die...

.......................#
...........>............
.####.....)....)<.......
#>........)##.......
#.........)# ######.
#.......().###
##...........#
##........##.#
#.......?.h#..#
#..?.......# ..g
#.........g####g.
#..........g)g#..
#..........##K.....
##........## #....
##......## ..g
#####..... . #######


You could see 2 goblins.

Vanquished Creatures
  2 adders
  2 endoplasms
  A giant cockroach (D:2)
  9 goblins
  5 hobgoblins
  4 jackals (D:1)
  A quokka (D:1)
  2 ball pythons (D:1)
  2 bats (D:1)
  A frilled lizard (D:1)
  7 kobolds
  2 rats
38 creatures vanquished.

Notes
Turn   | Place    | Note
-------+----------+-------------------------------------------
     0 | D:1      | serber55 the Octopode Shapeshifter began the quest for the
                  | Orb.
     0 | D:1      | Reached XP level 1. HP: 13/13 MP: 1/1
   158 | D:1      | Reached XP level 2. HP: 17/18 MP: 2/2
   475 | D:1      | Found a faded altar of an unknown god.
   485 | D:1      | Reached XP level 3. HP: 23/23 MP: 3/3
   818 | D:2      | Reached XP level 4. HP: 28/29 MP: 4/4
   820 | D:2      | Noticed Robin
   826 | D:2      | Succumbed to a goblin's curare-tipped dart

Illustrated notes

Levels and vault maps discovered:
D:1:      onia_arrival_pyramid, layout_basic,
          hellmonk_ecumenical_altar_arch_garden
D:2:      layout_rooms, uniq_robin

Action                     |  1- 3 |  4- 6 || total
---------------------------+-------+-------++-------
  Melee: Unarmed           |    22 |       ||    22
         Constrict         |    10 |     1 ||    11
         Tentacles         |     6 |     1 ||     7
         Dagger            |    34 |     2 ||    36
    Use: Potion            |       |     1 ||     1
   Stab: Sleeping          |     5 |       ||     5
 Armour: Skin              |    23 |       ||    23
  Dodge: Dodged            |    24 |     1 ||    25

Table legend: (Time is in decaauts)
 A = Elapsed time spent in this place.
 B = Non-inter-level travel time spent in this place.
 C = Inter-level travel time spent in this place.
 D = Time resting spent in this place.
 E = Time spent auto-exploring this place.
 F = Levels seen in this place.
 G = Mean time per level.
                   A        B        C        D        E       F      G
               +--------+--------+--------+--------+--------+-----+--------+
         Total |    826 |    805 |     21 |    130 |    479 |   2 |  413.0 |
       Dungeon |    826 |    805 |     21 |    130 |    479 |   2 |  413.0 |
               +--------+--------+--------+--------+--------+-----+--------+

Top non-repeatable levels by time:
     D:1: 737 daAuts
     D:2: 89 daAuts
